 Seeded DCSS version 0.30-a0-879-ga8ba668304 (webtiles) character file.

Game seed: 3428853487130244560 (custom seed)

821 bmack86 the Chopper (level 7, -1/61 (62) HPs)
             Began as a Minotaur Fighter on Mar 13, 2023.
             Slain by a wight
             ... wielding a +1 long sword
              (4 damage)
             ... on level 6 of the Dungeon.
             The game lasted 00:09:27 (3903 turns).

bmack86 the Chopper (Minotaur Fighter)              Turns: 3903, Time: 00:09:27

HP:   -1/61 (62)    AC: 12    Str: 22    XL:     7   Next: 63%
MP:   2/2           EV:  9    Int:  5    God:
Gold: 206           SH:  5    Dex: 10    Spells: 6/6 levels left

rFire   + . .      SeeInvis .    p - +9 war axe (antimagic)
rCold   . . .      Faith    .    c - +0 buckler
rNeg    . . .      Spirit   .    b - +0 scale mail
rPois   .          Reflect  .    (helmet restricted)
rElec   .          Rampage  .    (no cloak)
rCorr   .                        m - +0 pair of gloves
Will    .....                    k - +2 pair of boots Stlth
                                 (no amulet)
HPRegen 0.30/turn                t - ring of protection from fire
MPRegen 0.08/turn                (no ring)

@: mighty, lightly drained
A: horns 2, retaliatory headbutt
a: no special abilities


You were on level 6 of the Dungeon.
You visited 1 branch of the dungeon, and saw 6 of its levels.

You collected 488 gold pieces.
You spent 282 gold pieces at shops.

Inventory:

Hand Weapons
 a - a +0 war axe
 p - a +9 antimagic war axe (weapon)
Missiles
 l - 9 poisoned darts (quivered)
Armour
 b - a +0 scale mail (worn)
 c - a +0 buckler (worn)
 k - a +2 pair of boots (worn)
 m - a +0 pair of gloves (worn)
Jewellery
 f - a ring of magical power
 t - a ring of protection from fire (left hand)
Wands
 i - a wand of roots (10)
Scrolls
 h - 7 scrolls of fog
 o - a scroll of blinking
Potions
 d - a potion of might
 e - 2 potions of mutation
 g - a potion of berserk rage
 j - 2 potions of magic
 n - 3 potions of curing
 q - a potion of lignification
 r - a potion of invisibility
 s - a potion of heal wounds
 u - a potion of cancellation


   Skills:
 + Level 5.7 Fighting
 * Level 6.8 Axes
 + Level 1.7 Throwing
 + Level 5.7 Armour
 + Level 5.6 Shields


You had 6 spell levels left.
You didn't know any spells.
Your spell library contained the following spells:

 Spells                   Type           Power      Damage    Failure   Level
 Necrotise                Necr           0%         1d4       86%         1
 Summon Small Mammal      Summ           0%         N/A       86%         1
 Sublimation of Blood     Necr           0%         N/A       94%         2
 Wereblood                Tmut           0%         N/A       94%         2
 Call Canine Familiar     Summ           0%         N/A       99%         3
 Gell's Gravitas          Tloc           0%         N/A       99%         3
 Summon Guardian Golem    Hex/Summ       0%         N/A       99%         3
 Teleport Other           Tloc           0%         N/A       99%         3
 Vhi's Electric Charge    Tloc/Air       0%         N/A       99%         3
 Agony                    Necr           0%         N/A       100%        5
 Arcjolt                  Conj/Air       0%         1d10      100%        5
 Dispersal                Tloc           0%         N/A       100%        6
 Starburst                Conj/Fire      0%         6d3       100%        6
 Summon Hydra             Summ           0%         N/A       100%        7
 Borgnjor's Revivificati  Necr           0%         N/A       100%        8
 Maxwell's Capacitive Co  Air            0%         ∞         100%        8


Dungeon Overview and Level Annotations

Branches:
Dungeon (6/15)
 Temple: D:4-7

Altars:
Yredelemnul

Shops:
D:1 (   D:4 *[*   D:5 *


Innate Abilities, Weirdness & Mutations

You have a pair of horns on your head.
You reflexively headbutt those who attack you in melee.


Message History

The orc warrior is moderately wounded.
You slash the orc!
You kill the orc!
You completely miss the wight. You closely miss the wight.
The wight hits you with a +2 short sword.
The wight completely misses you. You furiously retaliate!
You headbutt the wight!
The wight hits you with a +1 long sword!
* * * LOW HITPOINT WARNING * * *
The wight barely misses you. The orc hits you but does no damage.
The orc warrior hits you but does no damage.
The wight hits you with a +0 halberd.
* * * LOW HITPOINT WARNING * * *
You feel drained.
Unknown command.
You closely miss the wight. You barely miss the orc. You slash the orc warrior!
You closely miss the wight. You slash the wight!
You destroy the wight!
The wight hits you with a +1 long sword!
* * * LOW HITPOINT WARNING * * *
You block the wight's attack. The orc barely misses you.
You furiously retaliate!
You headbutt the orc.
Your life force feels restored.
You feel very mighty all of a sudden. You block the wight's attack.
The wight hits you with a +1 long sword.
* * * LOW HITPOINT WARNING * * *
You feel drained.
* * * LOW HITPOINT WARNING * * *
The orc barely misses you.
The orc warrior hits you but does no damage.
You slash the wight!
The wight is almost destroyed.
You slash the orc!
You kill the orc!
You closely miss the orc.
You hit the orc warrior but do no damage.
You hit the wight.
The wight hits you with a +1 long sword.
You die...

...# ...#
##+###..#
#...##..#
#....#o.#
#....#..# .#
#....#oz##...#
#....'o@)....+
#...##z)..>..#
#...##..##...#
#....#..# ..#
#######...#..'
..#
##....##..##..#.
.#
#.....##..##..#..
# #......#..#...#
.. #PPP...'..#


You could see an orc warrior, 2 wights, an orc wizard and an orc.

Vanquished Creatures
  A black bear (D:6)
  A phantom (D:5)
  A wight (D:6)
  2 jellies
  2 orc priests
  3 hounds
  4 iguanas
  A sleepcap (D:6)
  Natasha (twice) (D:2)
  7 adders
  2 ufetubi (D:6)
  6 worms
  3 dart slugs (D:1)
  20 orcs
  4 ball pythons
  6 bats
  11 endoplasms
  2 giant cockroaches
  8 goblins
  7 hobgoblins
  3 jackals (D:2)
  2 quokkas
  2 frilled lizards
  6 kobolds
  3 rats (D:2)
109 creatures vanquished.

Vanquished Creatures (others)
  A demonic plant (D:6)
1 creature vanquished.

Grand Total: 110 creatures vanquished

Notes
Turn   | Place    | Note
-------+----------+-------------------------------------------
     0 | D:1      | bmack86 the Minotaur Fighter began the quest for the Orb.
     0 | D:1      | Reached XP level 1. HP: 19/19 MP: 0/0
    58 | D:1      | Found Zofunism's Antique Weapon Shop.
   278 | D:1      | Reached XP level 2. HP: 25/27 MP: 1/1
   282 | D:1      | Reached skill level 3 in Axes
   284 | D:1      | Got Sif Muna's Enchiridion on Corpses and the Arsonist
   707 | D:1      | Found a faded altar of an unknown god.
   958 | D:2      | Reached XP level 3. HP: 32/33 MP: 2/2
  1127 | D:2      | Noticed Natasha
  1143 | D:2      | Killed Natasha
  1144 | D:2      | Reached XP level 4. HP: 31/40 MP: 3/3
  1189 | D:2      | Reached skill level 4 in Axes
  1317 | D:2      | Noticed Natasha
  1324 | D:2      | Killed Natasha
  1325 | D:2      | Reached XP level 5. HP: 44/47 MP: 4/4
  1537 | D:2      | You fall into a shaft and drop 1 floor!
  1928 | D:1      | Bought a glowing war axe for 162 gold pieces
  2428 | D:4      | Found a basalt altar of Yredelemnul.
  2467 | D:4      | Found Suyl's Assorted Antiques.
  2507 | D:4      | Found Eturph's Antique Armour Emporium.
  2507 | D:4      | Found Risauh's Assorted Antiques.
  2515 | D:4      | Found Ocaynwox's Magic Scroll Emporium.
  2518 | D:4      | Bought a shiny glass ring for 120 gold pieces
  2539 | D:4      | Identified the +1 leather armour "Jorereek" {rF+ rN+ Int-2
                  | Dex+3}
  2935 | D:5      | Entered Level 5 of the Dungeon
  2955 | D:5      | Noticed a phantom
  2964 | D:5      | Killed a phantom
  2965 | D:5      | Reached skill level 5 in Axes
  2965 | D:5      | Reached XP level 6. HP: 50/55 MP: 1/5
  2978 | D:5      | Reached skill level 5 in Fighting
  2978 | D:5      | Reached skill level 5 in Armour
  2991 | D:5      | Reached skill level 5 in Shields
  3018 | D:5      | Found Xuuqy's Assorted Antiques.
  3365 | D:5      | Reached skill level 6 in Axes
  3617 | D:6      | Reached XP level 7. HP: 57/61 MP: 2/6
  3719 | D:6      | Identified the +1 ring mail "Pyegedos" {rElec rC+}
  3745 | D:6      | Reached skill level 1 in Throwing
  3902 | D:6      | HP: 3/62 [wight/+1 long sword (2)]
  3903 | D:6      | Slain by a wight

Illustrated notes

Levels and vault maps discovered:
D:1:      dpeg_arrival_central, layout_basic, serial_shops, shop,
          hellmonk_ecumenical_altar_heavens_door
D:2:      layout_loops_ring, kennysheep_nub, uniq_natasha
D:3:      layout_rooms, corexii_leaking_fountain
D:4:      layout_cave_pools, old_standard_altar,
          hangedman_abyss_or_decor_passed, minmay_shop_grid_forest,
          grunt_decor_clamped
D:5:      layout_loops_ring, serial_shops, nicolae_shop_stone
D:6:      layout_gridville, serial_demonic, serial_demonic_g, serial_demonic_f,
          serial_demonic_c, serial_demonic_f

Skill      XL: |  1  2  3  4  5  6  7 |
---------------+----------------------+-----
Axes           | 3 4 5 6 |  6.8
Fighting       | 4 5 |  5.7
Armour         | 4 5 |  5.7
Shields        | 4 5 |  5.6
Throwing       | 1 |  1.7

Action                     |  1- 3 |  4- 6 |  7- 9 || total
---------------------------+-------+-------+-------++-------
  Melee: War axe           |    61 |   121 |    21 ||   203
         Headbutt          |    13 |     6 |     2 ||    21
  Throw: Dart              |       |     2 |       ||     2
    Use: Scroll            |       |    17 |     1 ||    18
         Potion            |       |       |     1 ||     1
 Armour: Scale mail        |    24 |    54 |    18 ||    96
  Dodge: Dodged            |    37 |    39 |    21 ||    97
  Block: Buckler           |    18 |    18 |    12 ||    48

Table legend: (Time is in decaauts)
 A = Elapsed time spent in this place.
 B = Non-inter-level travel time spent in this place.
 C = Inter-level travel time spent in this place.
 D = Time resting spent in this place.
 E = Time spent auto-exploring this place.
 F = Levels seen in this place.
 G = Mean time per level.
                   A        B        C        D        E       F      G
               +--------+--------+--------+--------+--------+-----+--------+
         Total |   3966 |   3816 |    150 |      0 |   2631 |   6 |  661.0 |
       Dungeon |   3966 |   3816 |    150 |      0 |   2631 |   6 |  661.0 |
               +--------+--------+--------+--------+--------+-----+--------+

Top non-repeatable levels by time:
     D:1: 992 daAuts
     D:2: 823 daAuts
     D:5: 666 daAuts
     D:4: 609 daAuts
     D:3: 558 daAuts
     D:6: 316 daAuts
